 Dungeon Crawl Stone Soup version 0.17-a0-1007-gb2305a1 (webtiles) character file.

983 Kisielow the Insei (level 8, 0/62 HPs)
             Began as a Merfolk Transmuter on May 13, 2015.
             Slain by an orc
             ... wielding a +0 hand axe of electrocution
              (20 damage)
             ... on level 5 of the Dungeon.
             The game lasted 00:14:13 (5803 turns).

Kisielow the Insei (Merfolk Transmuter)             Turns: 5803, Time: 00:14:14

Health: 0/62       AC:  3    Str: 10    XL:     8   Next: 17%
Magic:  10/11      EV: 13    Int: 14    God:
Gold:   221        SH:  0    Dex: 15    Spells: 2 memorised, 7 levels left

rFire  . . .     SeeInvis .       - Unarmed
rCold  . . .     Clarity  .     b - +0 robe
rNeg   . . .     SustAb   .     (no shield)
rPois  .         Gourm    .     (no helmet)
rElec  .         Spirit   .     (no cloak)
rCorr  .         Warding  .     m - +0 pair of gloves
rMut   .         Stasis   .     (no boots)
MR     .....                    (no amulet)
Stlth  +.........               (no ring)
                                (no ring)

@: lethally poisoned (0 -> -3), not resistant to hostile enchantments, very
unstealthy
A: change form in water, swift swim
a: no special abilities


You were on level 5 of the Dungeon.
You were not hungry.

You visited 2 branches of the dungeon, and saw 6 of its levels.

You collected 221 gold pieces.

Inventory:

Missiles
 a - 47 arrows
Armour
 b - a +0 robe (worn)
 m - a +0 pair of gloves (worn)
Jewellery
 v - a +4 ring of intelligence {unknown}
Magical devices
 n - a wand of cold (9)
 u - a wand of lightning (6)
Scrolls
 e - 3 scrolls of identify {unknown}
 h - 2 scrolls of blinking {unknown}
 i - 4 scrolls of remove curse {unknown}
 l - a scroll of random uselessness {unknown}
 q - a scroll of amnesia {unknown}
 s - a scroll of noise {unknown}
Potions
 g - a potion of curing
 k - 2 potions of might {unknown}
 o - a potion of agility {unknown}
 t - 2 potions of lignification {unknown}
 w - a potion of flight {unknown}
Books
 c - a book of Changes

   Spells                             Type                      Level
   a - Beastly Appendage              Transmutation                1
   b - Sticks to Snakes               Transmutation                2
   c - Spider Form                    Transmutation/Poison         3
   d - Ice Form                       Ice/Transmutation            4
   e - Blade Hands                    Transmutation                5
 r - a book of Fire

   Spells                             Type                      Level
   a - Ignite Poison                  Fire/Transmutation/Poison    3
   b - Fireball                       Conjuration/Fire             5
   c - Bolt of Fire                   Conjuration/Fire             6
   d - Delayed Fireball               Conjuration/Fire             7
   e - Ring of Flames                 Charms/Fire                  7
Comestibles
 d - 3 bread rations
 f - 2 meat rations
 j - 7 chunks of flesh
 p - a slice of pizza


   Skills:
 * Level 5.0 Fighting
 - Level 2.6 Dodging
 + Level 7.6 Unarmed Combat
 - Level 2.0 Spellcasting
 - Level 6.2 Transmutations
 - Level 2.0 Poison Magic


You had 7 spell levels left.
You knew the following spells:

 Your Spells              Type           Power        Failure   Level  Hunger
a - Beastly Appendage     Trmt           ###...       1%          1    ##.....
s - Spider Form           Trmt/Pois      ##........   14%         3    ####...


Dungeon Overview and Level Annotations

Branches:
Dungeon (5/15)             Temple (1/1) D:4

Altars:
Ashenzari
Cheibriados
Dithmenos
Elyvilon
Fedhas
Gozag
Makhleb
Nemelex Xobeh
Qazlal
Ru
Sif Muna
Trog
Vehumet
Xom
The Shining One


Message History

The orc misses you. Something barely misses you.
You closely miss something.
You feel sick. The orc hits you but does no damage.
You are electrocuted!
The orc closely misses you.
You hit something.
Reactivating autopickup.
Your Fighting skill increases to level 5!
You feel a bit more experienced. The orc closely misses you.
You feel sick. The orc closely misses you. The orc closely misses you.
Things that are here:
a dagger; a robe; an orc corpse You hit the orc.
You kill the orc!
You hit the orc.
The orc is poisoned.
The orc is heavily wounded.
Your transformation has ended.
Your +0 pair of gloves unmelds from your body.
Your +0 robe unmelds from your body.
You feel sick.
The orc hits you with a hand axe of electrocution.
You are electrocuted!
You die...

##+## ##...##
##.....##
##.......## #
#........)####...#
+.......)@†.......
#........o####.[.#
.. ##.......## .
.# ##.....## ..
##...## #. ####'##
.##..####....##
.....#...###..#
.........# #..#


You could see an orc.

Vanquished Creatures
  A phantom (D:4)
  An orc warrior (D:4)
  3 ogres (D:4)
  A scorpion (D:4)
  A hound (D:4)
  A gnoll shaman (D:4)
  An orc priest (D:4)
  2 orc wizards
  2 worker ants (D:4)
  A hound skeleton (D:4)
  6 gnolls (D:4)
  10 adders
  An adder skeleton (D:4)
  4 worms
  17 orcs
  4 bats
  9 hobgoblins
  4 kobolds
  3 quokkas
  A ball python (D:3)
  5 giant cockroaches
  3 giant geckos
  4 giant newts (D:2)
  8 goblins
  11 jackals
  12 rats
116 creatures vanquished.

Notes
Turn   | Place    | Note
--------------------------------------------------------------
     0 | D:1      | Kisielow the Merfolk Transmuter began the quest for the Orb.
     0 | D:1      | Reached XP level 1. HP: 15/15 MP: 3/3
   424 | D:1      | Reached XP level 2. HP: 18/21 MP: 3/5
   446 | D:1      | Reached skill level 4 in Unarmed Combat
  1289 | D:2      | Reached XP level 3. HP: 23/26 MP: 4/6
  1294 | D:2      | Learned a level 3 spell: Spider Form
  1713 | D:2      | Reached skill level 1 in Poison Magic
  2174 | D:2      | Reached XP level 4. HP: 23/32 MP: 7/7
  2979 | D:3      | Found a sacrificial altar of Ru.
  2980 | D:3      | Found a blossoming altar of Fedhas.
  3089 | D:3      | Found an opulent altar of Gozag.
  3089 | D:3      | Found a stormy altar of Qazlal.
  3089 | D:3      | Found a burning altar of Makhleb.
  3092 | D:3      | Found a white marble altar of Elyvilon.
  3094 | D:3      | Found a deep blue altar of Sif Muna.
  3276 | D:4      | Noticed a phantom
  3561 | D:4      | Reached XP level 5. HP: 9/37 MP: 5/8
  3888 | D:4      | Noticed an ogre
  3897 | D:4      | Killed an ogre
  3897 | D:4      | Reached skill level 6 in Transmutations
  3945 | D:4      | Killed a phantom
  3945 | D:4      | Reached skill level 5 in Unarmed Combat
  3945 | D:4      | Reached XP level 6. HP: 12/44 MP: 4/9
  4596 | D:4      | Noticed an ogre
  4616 | D:4      | Killed an ogre
  4616 | D:4      | Reached XP level 7. HP: 18/51 MP: 8/10
  4853 | D:4      | Found a staircase to the Ecumenical Temple.
  4910 | Temple   | Entered the Ecumenical Temple
  5197 | D:4      | Reached skill level 7 in Unarmed Combat
  5590 | D:4      | Reached XP level 8. HP: 59/61 MP: 8/11
  5752 | D:5      | Entered Level 5 of the Dungeon
  5800 | D:5      | Reached skill level 5 in Fighting
  5803 | D:5      | Slain by an orc

Vault maps used:
D:1:      dpeg_arrival_tiny_c, kennysheep_small_spiral, st_stairs_6
D:2:      kennysheep_generic_room_7
D:3:      grunt_temple_overflow_open, roderic_lattice_a
D:4:      temple_fountains, first_bread
D:5:      lemuel_doored_altar, uniq_duvessa, uniq_pikel, uniq_edmund
Temple:   nicolae_temple_no_exploring_needed

Action                   |  1- 3 |  4- 6 |  7- 9 || total
-------------------------+-------+-------+-------++-------
Melee: Unarmed           |   107 |   152 |   120 ||   379
 Cast: Beastly Appendage |    22 |    10 |       ||    32
       Spider Form       |       |    19 |    10 ||    29
 Abil: End Transformatio |       |     2 |       ||     2
  Use: Potion            |       |     2 |       ||     2
  Eat: Chunk             |     4 |    11 |     5 ||    20
